 Dungeon Crawl Stone Soup version 0.30-a0-860-g512cf1e979 (webtiles) character file.

Game seed: 9098408912371963907

40 qeuew the Ducker (level 3, 35/35 HPs)
             Began as a Gnoll Monk on Mar 7, 2023.
             Quit the game on level 3 of the Dungeon.
             The game lasted 00:02:02 (2081 turns).

qeuew the Ducker (Gnoll Monk)                       Turns: 2081, Time: 00:02:02

Health: 35/35      AC:  5    Str: 12    XL:     3   Next: 50%
Magic:  4/4        EV: 15    Int:  9    God:
Gold:   242        SH:  0    Dex: 14    Spells: 3/3 levels left

rFire   + . .      SeeInvis +    a - +0 spear
rCold   + . .      Faith    .    (no shield)
rNeg    . . .      Spirit   .    b - +1 robe
rPois   +          Reflect  .    (no helmet)
rElec   +          Rampage  .    (no cloak)
rCorr   +                        (no gloves)
Will    .....                    r - +1 pair of boots
Stlth   +++                      (no amulet)
HPRegen 0.25/turn                h - ring of see invisible
MPRegen 0.09/turn                (no ring)

@: brilliant, resistant
A: fangs 1, strong nose, distributed training, wild magic 1, inability to read
after injury 1
a: no special abilities


You were on level 3 of the Dungeon.
You visited 1 branch of the dungeon, and saw 3 of its levels.

You collected 242 gold pieces.

Inventory:

Hand Weapons
 a - a +0 spear (weapon)
Armour
 b - a +1 robe (worn)
 r - a +1 pair of boots (worn)
Jewellery
 h - a ring of see invisible (left hand)
Scrolls
 e - a scroll of enchant armour
 g - 2 scrolls of amnesia
 i - 2 scrolls of blinking
 j - a scroll of magic mapping
 l - a scroll of silence
 m - a scroll of teleportation
Potions
 c - 3 potions of ambrosia
 f - a potion of haste
 n - a potion of curing


   Skills:
 + Level 6.5 Fighting
 + Level 0.9 Short Blades
 + Level 0.9 Long Blades
 + Level 0.9 Axes
 + Level 0.9 Maces & Flails
 + Level 6.5 Polearms
 + Level 0.9 Staves
 + Level 0.9 Ranged Weapons
 + Level 0.9 Throwing
 + Level 0.9 Armour
 + Level 6.5 Dodging
 + Level 4.2 Stealth
 + Level 0.9 Shields
 + Level 0.9 Unarmed Combat
 + Level 0.9 Spellcasting
 + Level 0.6 Conjurations
 + Level 0.6 Hexes
 + Level 0.6 Summonings
 + Level 0.6 Necromancy
 + Level 0.6 Translocations
 + Level 0.6 Transmutations
 + Level 0.6 Fire Magic
 + Level 0.6 Ice Magic
 + Level 0.6 Air Magic
 + Level 0.6 Earth Magic
 + Level 0.6 Poison Magic
 + Level 1.0 Invocations
 + Level 0.9 Evocations


You had 3 spell levels left.
You didn't know any spells.
Your spell library contained the following spells:

 Spells                   Type           Power      Damage    Failure   Level
 Chain Lightning          Conj/Air       1%         3d2       100%        9
 Fire Storm               Conj/Fire      1%         8d1       100%        9
 Shatter                  Erth           1%         3d6*      100%        9


Dungeon Overview and Level Annotations

Branches:
Dungeon (3/15)

Altars:
Vehumet

Shops:
D:1 (


Innate Abilities, Weirdness & Mutations

You have very sharp teeth.
Your uncanny sense of smell can sniff out nearby items.
Your experience applies equally to all skills.
Your spells are a little harder to cast, but a little more powerful.
You occasionally lose the ability to read scrolls when taking damage.


Message History

No target in view!
No target in view!
No target in view!
No target in view!
No target in view!
Things that are here:
a +0 dagger; 3 stones; a kobold corpse You see here a +1 pair of boots.
r - a +1 pair of boots You start putting on your armour.
You continue putting on your +1 pair of boots. x4
You finish putting on your +1 pair of boots.
You now have 232 gold pieces (gained 9).
You now have 242 gold pieces (gained 10).
k - 2 scrolls of identify (gained 1)
There is an open door here.
There is an open door here.
Done exploring.
Done exploring.
Done exploring.
Done exploring.
As you read the scroll of identify, it crumbles to dust.
d - a potion of mutation
As you read the scroll of identify, it crumbles to dust.
n - a potion of curing
As you read the scroll labelled INUUCI VYCZO, it crumbles to dust.
You feel strangely unstable.
It was a scroll of teleportation.
As you read the scroll labelled IZUYDGH MYPYFI, it crumbles to dust.
The air around you briefly surges with heat, but it dissipates.
It was a scroll of immolation.
It was a potion of brilliance.
You feel clever all of a sudden.
Your surroundings suddenly seem different.
It was a potion of resistance.
You feel protected.
Really quaff the potion of mutation?
You feel extremely strange.
You occasionally lose the ability to read scrolls when taking damage.
You feel less in control of your magic.
Are you sure you want to abandon this character and quit the game? (Confirm with "yes".)

#############..........#.
#.#........#.
#.#........#.
######.#........#.
#......#........#.
##.######..########
#####..........#
#...........##.# #
#.....@........# #
#............### #
#............# #
#...........## ### #
#...........# #.. #
#...........# #.# #
#...........# #.#
#########
#...........#########.#
........#
#...>.....<.'.......#.#


There were no monsters in sight!

Vanquished Creatures
  A dart slug (D:2)
  6 bats
  3 endoplasms
  A giant cockroach (D:2)
  5 goblins
  A hobgoblin (D:1)
  5 kobolds
  2 quokkas (D:1)
  3 ball pythons
  3 frilled lizards
  7 rats
37 creatures vanquished.

Notes
Turn   | Place    | Note
-------+----------+-------------------------------------------
     0 | D:1      | qeuew the Gnoll Monk began the quest for the Orb.
     0 | D:1      | Reached XP level 1. HP: 23/23 MP: 1/1
    94 | D:1      | Reached XP level 2. HP: 29/29 MP: 2/2
   170 | D:1      | Found Qeukul's Antique Weapon Emporium.
   586 | D:1      | Reached XP level 3. HP: 35/35 MP: 3/3
  1071 | D:2      | Reached skill level 1 in Invocations
  1449 | D:3      | Found a radiant altar of Vehumet.
  2080 | D:3      | Gained mutation: You occasionally lose the ability to read
                  | scrolls when taking damage. [potion of mutation]
  2080 | D:3      | Gained mutation: Your spells are a little harder to cast,
                  | but a little more powerful. [potion of mutation]
  2081 | D:3      | Quit the game

Illustrated notes

Levels and vault maps discovered:
D:1:      dpeg_arrival_rooms_c, layout_rooms, serial_shops, shop,
          hangedman_abyss_or_decor_stabs, serial_bayou_crossing
D:2:      layout_loops_ring, grunt_ministairs_9
D:3:      layout_basic, fiery_altar_vehumet

Skill      XL: |  1  2  3 |
---------------+----------+-----
Invocations    | 1 |  1.0
Fighting       | |  6.5
Short Blades   | |  0.9
Long Blades    | |  0.9
Axes           | |  0.9
Maces & Flails | |  0.9
Polearms       | |  6.5
Staves         | |  0.9
Ranged Weapons | |  0.9
Throwing       | |  0.9
Armour         | |  0.9
Dodging        | |  6.5
Stealth        | |  4.2
Shields        | |  0.9
Unarmed Combat | |  0.9
Spellcasting   | |  0.9
Conjurations   | |  0.6
Hexes          | |  0.6
Summonings     | |  0.6
Necromancy     | |  0.6
Translocations | |  0.6
Transmutations | |  0.6
Fire Magic     | |  0.6
Ice Magic      | |  0.6
Air Magic      | |  0.6
Earth Magic    | |  0.6
Poison Magic   | |  0.6
Evocations     | |  0.9

Action                     || total
---------------------------++-------
  Melee: Spear             ||    94
         Bite              ||     6
         Punch             ||     1
    Use: Scroll            ||    10
         Potion            ||     5
   Stab: Sleeping          ||    16
 Armour: Robe              ||     8
  Dodge: Dodged            ||    51

Table legend: (Time is in decaauts)
 A = Elapsed time spent in this place.
 B = Non-inter-level travel time spent in this place.
 C = Inter-level travel time spent in this place.
 D = Time resting spent in this place.
 E = Time spent auto-exploring this place.
 F = Levels seen in this place.
 G = Mean time per level.
                   A        B        C        D        E       F      G
               +--------+--------+--------+--------+--------+-----+--------+
         Total |   2045 |   2018 |     27 |      0 |   1792 |   3 |  681.7 |
       Dungeon |   2045 |   2018 |     27 |      0 |   1792 |   3 |  681.7 |
               +--------+--------+--------+--------+--------+-----+--------+

Top non-repeatable levels by time:
     D:3: 768 daAuts
     D:1: 645 daAuts
     D:2: 631 daAuts
